 Dungeon Crawl Stone Soup version 0.25.0-11-g1f837a76a1 (webtiles) character file.

Game seed: 10182164530302938407

2181 xccam the Cutter (level 9, -1/51 HPs)
             Began as a Tengu Assassin on June 25, 2020.
             Was a Follower of Vehumet.
             Slain by a manticore (11 damage)
             ... on level 7 of the Dungeon.
             The game lasted 00:11:27 (6122 turns).

xccam the Cutter (Tengu Assassin)                   Turns: 6122, Time: 00:11:27

Health: -1/51      AC:  4    Str: 11    XL:     9   Next: 33%
Magic:  14/14      EV: 16    Int: 21    God:    Vehumet [*.....]
Gold:   354        SH:  7    Dex: 16    Spells: 12/14 levels left

rFire    . . .     SeeInvis .   D - +2 dagger (venom)
rCold    + . .     Gourm    .   A - +2 buckler
rNeg     . . .     Faith    .   b - +0 robe
rPois    .         Spirit   .   (helmet restricted)
rElec    .         Reflect  .   c - +0 cloak
rCorr    .         Harm     .   u - +0 pair of gloves
MR       .....                  (boots unavailable)
Stlth    +++.......             l - amulet of regeneration
HPRegen  0.57/turn              x - ring of protection from cold
MPRegen  0.14/turn              r - +6 ring of intelligence

@: barbed spikes, flying quickly and evasively, quick
A: beak, talons 3, able to fly
a: Stop Flying, Renounce Religion


You were on level 7 of the Dungeon.
You worshipped Vehumet.
Vehumet was aware of your devotion.
You were hungry.

You visited 2 branches of the dungeon, and saw 8 of its levels.
You also visited: Sewer.

You collected 354 gold pieces.

Inventory:

Hand Weapons
 D - a +2 dagger of venom (weapon)
Missiles
 d - 26 poisoned darts (quivered)
 e - 7 curare-tipped darts
 m - 2 atropa-tipped darts
 F - 34 stones
Armour
 b - a +0 robe (worn)
 c - a +0 cloak (worn)
 i - a +0 pair of gloves
 u - a +0 pair of gloves (worn)
 A - a +2 buckler (worn)
Jewellery
 l - an amulet of regeneration (around neck)
 r - a +6 ring of intelligence (right hand)
 t - a +6 ring of strength
 x - a ring of protection from cold (left hand)
 y - a +4 ring of evasion
 E - an uncursed ring of magical power
Wands
 C - a wand of acid (10)
Scrolls
 h - a scroll of random uselessness {unknown}
 j - 3 scrolls of remove curse
 n - 2 scrolls of blinking {unknown}
 p - a scroll of enchant weapon {unknown}
 q - 2 scrolls of fog
 s - a scroll of noise {unknown}
 G - a scroll of amnesia {unknown}
 H - 2 scrolls of teleportation {unknown}
Potions
 g - 2 potions of cancellation
 k - 3 potions of might
 o - 3 potions of curing
 v - a potion of haste
 w - 3 potions of invisibility
 B - a potion of mutation {unknown}
Comestibles
 f - 9 rations


   Skills:
 - Level 3.3 Fighting
 - Level 6.7 Short Blades
 - Level 4.0 Throwing
 - Level 2.7 Armour
 - Level 3.1 Dodging
 - Level 4.0 Stealth
 - Level 5.0 Shields
 - Level 3.0 Spellcasting
 - Level 5.0 Necromancy
 + Level 2.4 Earth Magic


You had 12 spell levels left.
You knew the following spells:

 Your Spells              Type           Power        Failure   Level  Hunger
a - Pain                  Necr           ###.         1%          1    None
b - Sandblast             Erth           ##....       4%          1    None

Your spell library contained the following spells:

 Spells                   Type           Power        Failure   Level  Hunger
 Animate Skeleton         Necr           N/A          1%          1    None
 Vampiric Draining        Necr           ###.......   4%          3    ###....
 Corona                   Hex            #......      13%         1    None
 Animate Dead             Necr           N/A          17%         4    ####...
 Ensorcelled Hibernation  Hex/Ice        #.....       21%         2    ##.....
 Confusing Touch          Hex            #.......     36%         3    ###....
 Dazzling Flash           Conj/Hex       #.....       36%         3    ###....
 Tukima's Dance           Hex            #.......     36%         3    ###....
 Agony                    Necr           ###.....     43%         5    ######.


Dungeon Overview and Level Annotations

Branches:
Dungeon (7/15)             Temple (1/1) D:5           Sewer (visited)

Altars:
Ashenzari
Elyvilon
Gozag
Nemelex Xobeh
Ru
Sif Muna
Vehumet
Wu Jian
Xom
Yredelemnul
Zin
The Shining One

Annotations:
D:4 Natasha


Innate Abilities, Weirdness & Mutations

You have a beak for a mouth.
You have claws for feet.
You can fly continuously.


Message History

You block the manticore's attack.
You barely miss the manticore. You claw the manticore.
The manticore is moderately wounded.
The manticore misses you. The manticore claws you!
The manticore barely misses you.
You hit the manticore.
The manticore looks as sick as possible!
You claw the manticore.
You peck the manticore, but do no damage.
The manticore is moderately wounded.
You hit the manticore.
The manticore looks as sick as possible!
The manticore is moderately wounded.
The manticore bites you!
* * * LOW HITPOINT WARNING * * *
The manticore barely misses you. x2
It was a potion of flight.
You feel more buoyant. The manticore bites you!
You die...

#.# #.# #.# #.# .#
#.# #.. .## ##.# #.#
.. ...# #.# .. ...#
#.# .# # #.## #.#
?#:# #.# ####.##..#.#
#.#########..>..@...#
....†.....#.#####H..#
#.#######.#.# (##...#
#<# #.# .# #.# #.#
#.#.# .. . # #.#
#.#.#####.... ..#
#.#.........# ###
#.##.#####...
#########.##.#


You could see a manticore (extremely poisoned).

Vanquished Creatures
  Grinder (D:6)
  Sigmund (D:2)
  2 sky beasts (D:7)
  A black bear (D:6)
  An ice beast (D:6)
  A phantom (D:6)
  An ogre (D:4)
  A crocodile (Sewer)
  3 bullfrogs (D:6)
  A wyvern skeleton (D:7)
  2 scorpions (D:6)
  2 howler monkeys
  2 crimson imps (D:6)
  7 orc priests
  5 orc wizards
  A bullfrog skeleton (D:6)
  Natasha (twice) (D:4)
  A worker ant (D:4)
  A howler monkey zombie (D:6)
  7 gnolls
  6 adders
  2 shadow imps
  4 oozes
  An adder skeleton (D:5)
  2 worms
  A dart slug (D:3)
  5 leopard geckos
  34 orcs
  A ball python (D:6)
  2 giant cockroaches
  2 goblins (D:1)
  6 hobgoblins
  6 jackals
  A quokka (D:5)
  3 bats
  6 frilled lizards
  2 giant cockroach zombies
  A jackal skeleton (D:6)
  5 kobolds
  2 leopard gecko zombies
  2 quokka skeletons
  3 rats
140 creatures vanquished.

Notes
Turn   | Place    | Note
-------+----------+-------------------------------------------
     0 | D:1      | xccam the Tengu Assassin began the quest for the Orb.
     0 | D:1      | Reached XP level 1. HP: 12/12 MP: 2/2
    69 | D:1      | Reached skill level 3 in Short Blades
    69 | D:1      | Reached XP level 2. HP: 6/17 MP: 3/3
   692 | D:2      | Reached XP level 3. HP: 21/21 MP: 4/4
   704 | D:2      | Reached skill level 4 in Short Blades
   779 | D:2      | Noticed Sigmund
   797 | D:2      | Killed Sigmund
   797 | D:2      | Reached skill level 6 in Short Blades
   797 | D:2      | Reached XP level 4. HP: 9/26 MP: 5/5
   797 | D:2      | Gained mutation: You can fly continuously. [Tengu growth]
   797 | D:2      | Reached XP level 5. HP: 11/30 MP: 6/6
  1609 | D:3      | Reached XP level 6. HP: 35/35 MP: 7/7
  2491 | D:4      | Noticed Natasha
  2498 | D:4      | Killed Natasha
  2684 | D:3      | Reached skill level 1 in Armour
  3076 | D:4      | Noticed Natasha
  3093 | D:4      | Killed Natasha
  3237 | D:4      | Noticed Natasha
  3260 | D:4      | Reached XP level 7. HP: 35/40 MP: 8/8
  3533 | D:4      | Found an ornate altar of the Wu Jian Council.
  3929 | D:5      | Entered Level 5 of the Dungeon
  3956 | D:5      | Found a staircase to the Ecumenical Temple.
  3988 | Temple   | Entered the Ecumenical Temple
  4035 | Temple   | Became a worshipper of Vehumet
  4112 | D:5      | Found a sacrificial altar of Ru.
  4324 | D:5      | Learned a level 1 spell: Pain
  4742 | D:5      | Found a shimmering blue altar of Sif Muna.
  4814 | D:6      | Reached skill level 1 in Shields
  4814 | D:6      | Reached skill level 1 in Necromancy
  4814 | D:6      | Reached XP level 8. HP: 46/46 MP: 8/10
  4831 | D:6      | Reached skill level 1 in Spellcasting
  4945 | D:6      | Noticed Grinder
  4968 | D:6      | Killed Grinder
  5045 | D:6      | Reached * piety under Vehumet
  5045 | D:6      | Offered knowledge of Sandblast by Vehumet.
  5048 | D:6      | Learned a level 1 spell: Sandblast
  5257 | D:6      | Found a glowing drain.
  5262 | Sewer    | Entered a sewer
  5335 | Sewer    | Reached XP level 9. HP: 51/51 MP: 14/14
  5657 | D:6      | Reached skill level 5 in Necromancy
  5667 | D:6      | Reached skill level 1 in Earth Magic
  5905 | D:7      | Reached skill level 5 in Shields
  5947 | D:7      | Found an opulent altar of Gozag.
  6098 | D:7      | Noticed a manticore
  6122 | D:7      | Slain by a manticore

Illustrated notes

Levels and vault maps discovered:
D:1:      saegor_arrival_miasma, layout_rooms
D:2:      layout_loops_ring, uniq_sigmund
D:3:      layout_basic, kennysheep_generic_room_5
D:4:      layout_basic, kennysheep_little_box, serial_co_window_serial,
          co_window_corner_a, co_window_corner_a, co_window_corner_a,
          co_window_paths_b, co_window_corner_a, co_window_of_opportunity_b,
          co_window_cross_2, co_window_broadway_c, co_window_corner_b,
          co_window_corner_ca, co_window_2corner, co_window_4corner_b,
          glass_columns_b, glass_columns_a, glass_columns_a, first_ration,
          grunt_ministairs_4, uniq_natasha
D:5:      layout_loops_ring, nicolae_overflow_crystal_walls, led_sif_pool,
          minmay_temple_entry_statues_fountains
D:6:      layout_loops_ring, portal_sewer_entry_e, roderic_cross_of_infinity,
          uniq_grinder
D:7:      cheibrodos_two_vegetables, layout_loops_ring, lemuel_doored_altar,
          minmay_manual_mess
Temple:   dpeg_chambers_temple

Skill      XL: |  1  2  3  4  5  6  7  8  9 |
---------------+----------------------------+-----
Short Blades   | 3 6 |  6.7
Throwing       | 3 4 |  4.0
Armour         | 1 2 |  2.7
Dodging        | 2 3 |  3.1
Fighting       | 3 |  3.3
Shields        | 1 4 5 |  5.0
Necromancy     | 1 4 5 |  5.0
Spellcasting   | 3 |  3.0
Earth Magic    | 2 |  2.4
Stealth        | |  4.0

Action                   |  1- 3 |  4- 6 |  7- 9 || total
-------------------------+-------+-------+-------++-------
Melee: Dagger            |    41 |   124 |   280 ||   445
       Kick              |    10 |    28 |    96 ||   134
       Peck              |     1 |    23 |    43 ||    67
Throw: Dart              |     6 |     8 |     8 ||    22
 Abil: Fly               |       |     1 |       ||     1
Evoke: Wand              |       |       |     1 ||     1
  Use: Scroll            |       |     4 |     5 ||     9
       Potion            |       |       |     2 ||     2
 Stab: Sleeping          |     3 |    12 |     8 ||    23
       Distracted        |       |     2 |       ||     2
  Eat: Chunk             |       |     7 |     8 ||    15
Armor: Robe              |     4 |     9 |    20 ||    33
Dodge: Dodged            |    14 |    44 |    93 ||   151
Block: Buckler           |       |       |    37 ||    37
